Map: Arctic Dream LE

Players

Ekelpack - Winner!

  • Race: Zerg Zerg
  • Spawn Location: 12:00

Nyck - Winner!

  • Race: Terran Terran
  • Spawn Location: 11:00

Whistler

  • Race: Protoss Protoss
  • League: Silver
  • Spawn Location: 5:00

pahipahi

  • Race: Protoss Protoss
  • Spawn Location: 6:00

VOD

Have the link to the VOD?

Description

Time

  • Played on: Nov. 1, 2020, 10:40 a.m.
  • Length: 13:03
Show
View Real Time Build Order
Export as new Build Order

Ekelpack Zerg - Winner!

Build Orders: Hatch First 

Get SALT Encoding   

  12  0:00  Drone  
  13  0:14  Drone  
  13  0:18  Overlord  
  14  0:42  Hatchery  
  13  0:44  Drone  
  13  0:48  Drone  
  15  0:54  Drone  
  15  0:56  Drone  
  17  1:06  Drone  
  18  1:15  Spawning Pool  
  17  1:24  Drone  
  18  1:28  Drone  
  19  1:38  Overlord  
  19  1:57  Drone x2  
  21  2:01  Queen, Extractor  
  21  2:02  Queen  
  24  2:09  Drone x2  
  26  2:16  Drone x2  
  28  2:24  Overlord  
  28  2:31  Drone  
  28  2:35  Extractor  
  28  2:36  Drone  
  29  2:43  Drone, Queen  
  32  2:47  Drone  
  33  2:51  Drone, Extractor  
  33  2:57  Drone  
  34  2:59  Drone  
  34  3:04  Drone  
  36  3:06  Lair  
  36  3:09  Drone  
  36  3:11  Overlord  
  37  3:15  Drone x2  
  37  3:19  Drone, Queen  
  42  3:31  Drone x2  
  42  3:32  Drone  
  45  3:35  Extractor  
  45  3:41  Zergling x6, Metabolic Boost  
  47  4:02  Drone x3  
  50  4:08  Overlord  
  50  4:13  Drone x2  
  50  4:14  Spire  
  51  4:18  Hatchery  
  51  4:22  Overlord  
  50  4:34  Zergling x6  
  50  4:35  Zergling x6  
  56  4:42  Overlord  
  56  4:47  Drone  
  56  4:48  Drone x2  
  59  5:22  Drone x5  
  64  5:29  Mutalisk x3  
  64  5:30  Mutalisk x5  
  64  5:32  Overlord  
  80  5:36  Extractor  
  80  5:37  Extractor  
  78  5:53  Zerg Flyer Weapons Level 1  
  78  5:54  Mutalisk x3  
  84  6:05  Drone x6  
  90  6:12  Overlord  
  90  6:18  Infestation Pit  
  89  6:24  Drone  
  90  6:27  Overlord x3  
  90  6:36  Mutalisk x3  
  90  6:37  Mutalisk  
  98  7:04  Hive  
  98  7:07  Hatchery  
  97  7:10  Drone x2  
  97  7:11  Drone x4  
  103  7:24  Evolution Chamber  
  103  7:27  Evolution Chamber  
  101  7:42  Zergling x2  
  101  7:43  Zergling x12  
  108  7:45  Corruptor x4  
  108  7:50  Corruptor x2, Mutalisk  
  122  7:57  Overlord x3  
  122  8:17  Corruptor  
  122  8:18  Corruptor x5  
  122  8:19  Corruptor  
  129  8:40  Corruptor x4  
  129  8:41  Extractor  
  136  8:45  Extractor  
  135  8:49  Greater Spire  
  135  8:51  Zerg Melee Weapons Level 1  
  135  8:53  Adrenal Glands  
  135  8:55  Overlord  
  135  9:18  Corruptor x2  
  135  9:19  Corruptor  
  135  9:23  Zergling x8, Overlord x2  
  145  9:41  Corruptor x4  
  151  10:04  Zergling x6  
  151  10:05  Zergling x10  
  159  10:14  Corruptor x4  
  161  10:46  Corruptor x6  
  161  10:47  Zergling x4  
  161  10:48  Zergling x4  
  149  11:09  Zergling x8  
  149  11:10  Zergling x2  
  154  11:18  Zergling x6, Overlord x3  
  157  11:19  Overlord  
  140  12:17  Corruptor x3  
  140  12:18  Zergling x10  
  140  12:19  Zergling x2  
  146  12:24  Mutalisk x3  
  152  12:38  Zergling x4  
  152  12:39  Zergling x4  
Show
View Real Time Build Order
Export as new Build Order

Nyck Terran - Winner!

Build Orders:  

Get SALT Encoding   

  12  0:00  SCV  
  13  0:12  SCV  
  14  0:17  Supply Depot  
  14  0:24  SCV  
  15  0:39  SCV  
  15  0:41  Barracks  
  16  0:51  Barracks  
  16  0:53  SCV  
  17  1:05  SCV, Refinery  
  18  1:17  SCV  
  19  1:29  Orbital Command  
  19  1:32  Supply Depot  
  19  1:42  Supply Depot  
  19  1:44  Marine x2  
  21  2:03  Barracks Reactor  
  21  2:09  Barracks Reactor  
  22  2:15  SCV, Barracks  
  22  2:28  SCV  
  23  2:37  Command Center  
  23  2:45  Marine  
  23  2:46  Marine x3  
  23  2:50  SCV  
  28  2:54  Engineering Bay  
  28  3:02  SCV  
  28  3:03  Barracks Tech Lab  
  28  3:05  Marine x3  
  32  3:06  Marine  
  32  3:12  Engineering Bay  
  33  3:21  Refinery  
  33  3:24  Marauder  
  35  3:36  Terran Infantry Weapons Level 1  
  35  3:45  Factory  
  35  3:51  Refinery  
  35  3:52  SCV  
  36  3:57  SCV  
  37  4:04  SCV  
  37  4:08  Marine x3  
  37  4:09  SCV  
  42  4:10  Marine  
  42  4:12  Refinery  
  42  4:15  Terran Infantry Armor Level 1  
  43  4:27  SCV  
  44  4:39  SCV, Armory  
  45  4:46  Marine, Marauder  
  45  4:47  Marine  
  45  4:51  SCV  
  50  4:59  Orbital Command  
  50  5:03  SCV  
  51  5:09  Marine x3  
  54  5:16  SCV, Marine  
  54  5:18  Marauder  
  58  5:28  Starport  
  58  5:29  Marine  
  58  5:30  Marine  
  58  5:31  Marine  
  58  5:34  Marine  
  58  5:35  Terran Infantry Weapons Level 2  
  62  5:41  Supply Depot  
  62  5:47  Marauder  
  64  5:51  Combat Shield  
  64  5:54  Marine x2  
  64  5:55  Marine x2  
  68  6:30  Missile Turret  
  68  6:34  Medivac x2  
  68  6:37  Terran Infantry Armor Level 2  
  72  6:44  Barracks Reactor  
  72  6:47  Barracks Tech Lab  
  72  6:50  Marine x2  
  72  6:52  Missile Turret  
  74  7:04  Medivac x2  
  78  7:10  Command Center  
  78  7:16  Missile Turret  
  78  7:29  Supply Depot  
  78  7:34  Medivac x2  
  78  7:35  SCV  
  83  7:39  SCV  
  83  7:43  Marine x2  
  86  7:51  SCV, Marine x2  
  89  8:06  Terran Vehicle And Ship Armor Level 1  
  89  8:09  Terran Infantry Weapons Level 3  
  89  8:13  Liberator  
  92  8:22  Liberator  
  95  8:33  Marine x2  
  95  8:34  Marine x2  
  99  8:53  Terran Infantry Armor Level 3  
  99  8:56  Stimpack  
  99  9:01  Liberator  
  102  9:04  Liberator  
  107  9:25  Marine x3  
  107  9:26  Marine  
  109  9:38  Supply Depot  
  109  9:44  Liberator  
  112  9:47  Liberator  
  115  9:53  Orbital Command  
  115  10:00  Marine x2  
  115  10:01  Marine x2  
  115  10:02  Supply Depot  
  119  10:18  Marine x2  
  119  10:19  Marauder x2  
  125  10:26  Liberator  
  125  10:27  Terran Vehicle And Ship Armor Level 2  
  128  10:30  Liberator  
  131  10:39  Barracks  
  131  10:40  Concussive Shells  
  131  10:42  Barracks  
  131  11:28  Marauder  
  133  11:34  Supply Depot  
  133  11:38  Supply Depot  
  133  11:46  Refinery  
  133  11:48  Refinery  
  133  11:55  Marine x2  
  133  11:56  SCV x2, Marauder x2  
  133  11:59  Liberator x2  
  133  12:00  Supply Depot, SCV  
  148  12:02  Supply Depot  
  148  12:08  SCV  
  149  12:15  SCV x2  
  149  12:18  Marine  
  149  12:20  SCV  
  146  12:24  Supply Depot  
  146  12:27  Supply Depot  
  151  12:47  Supply Depot  
  151  12:50  Supply Depot  
Show
View Real Time Build Order
Export as new Build Order

Whistler Protoss 

Build Orders:  

Get SALT Encoding   

  12  0:16  Pylon  
  12  0:20  Probe (Chrono Boost)  
  13  0:30  Probe (Chrono Boost)  
  14  0:38  Forge  
  14  0:46  Gateway  
  14  0:51  Probe  
  15  1:03  Probe  
  16  1:15  Photon Cannon  
  16  1:21  Photon Cannon  
  16  1:22  Probe (Chrono Boost)  
  17  1:29  Assimilator  
  17  1:32  Probe (Chrono Boost)  
  18  1:40  Assimilator, Probe  
  19  1:52  Probe  
  20  2:00  Pylon  
  20  2:09  Probe (Chrono Boost)  
  20  2:10  Cybernetics Core  
  21  2:19  Probe (Chrono Boost)  
  22  2:24  Probe (Chrono Boost)  
  23  2:46  Pylon  
  23  2:53  Stargate  
  23  2:58  Shield Battery  
  23  3:10  Stalker  
  25  3:20  Pylon  
  25  3:27  Photon Cannon  
  25  3:30  Shield Battery  
  25  3:33  Shield Battery  
  25  3:35  Photon Cannon  
  25  3:40  Photon Cannon  
  25  3:54  Protoss Air Weapons Level 1 (Chrono Boost)  
  25  4:06  Nexus  
  25  4:10  Assimilator  
  25  4:18  Pylon  
  25  4:30  Void Ray  
  29  4:36  Probe  
  30  4:50  Stargate  
  30  4:52  Stalker  
  32  5:02  Assimilator  
  32  5:04  Pylon  
  32  5:12  Pylon  
  32  5:24  Void Ray  
  36  5:31  Probe x2  
  38  5:43  Probe  
  38  5:44  Probe  
  40  5:51  Robotics Facility  
  40  5:53  Protoss Shields Level 1  
  40  6:00  Probe  
  40  6:01  Probe  
  42  6:15  Probe (Chrono Boost)  
  44  6:19  Probe (Chrono Boost)  
  45  6:26  Probe (Chrono Boost)  
  45  6:29  Probe (Chrono Boost)  
  45  6:30  Probe (Chrono Boost)  
  47  6:35  Fleet Beacon  
  47  6:39  Probe  
  49  6:42  Observer  
  49  6:49  Stalker  
  52  7:04  Observer  
  52  7:21  Probe x2  
  54  7:27  Warp Gate  
  54  7:30  Void Ray  
  54  7:33  Probe x2  
  54  7:36  Void Ray  
  64  7:45  Probe x2  
  66  7:57  Probe  
  67  8:27  Nexus  
  67  8:29  Assimilator  
  67  8:34  Assimilator  
  67  8:36  Stalker  
  67  8:37  Pylon  
  67  8:39  Void Ray  
  67  8:40  Void Ray, Pylon  
  77  8:52  Pylon  
  77  8:58  Pylon  
  77  9:01  Photon Cannon  
  77  9:03  Photon Cannon x2  
  77  9:05  Photon Cannon  
  77  9:06  Photon Cannon  
  77  9:08  Shield Battery  
  77  9:10  Shield Battery  
  77  9:14  Flux Vanes  
  77  9:34  Protoss Air Weapons Level 2  
  77  9:55  Void Ray x2  
  85  10:02  Stargate x2  
  65  10:50  Void Ray x2 (Chrono Boost)  
  75  10:57  Void Ray x2 (Chrono Boost)  
  69  11:04  Shield Battery  
  69  11:06  Shield Battery  
  69  11:09  Shield Battery  
  67  11:13  Shield Battery  
  67  11:16  Shield Battery  
  66  11:29  Twilight Council  
  66  11:34  Void Ray  
  66  11:35  Void Ray x3  
Show
View Real Time Build Order
Export as new Build Order

pahipahi Protoss 

Build Orders: Carriers 

Get SALT Encoding   

  12  0:01  Probe (Chrono Boost)  
  13  0:10  Probe (Chrono Boost)  
  14  0:15  Probe (Chrono Boost)  
  15  0:28  Pylon  
  15  0:38  Assimilator  
  15  0:42  Assimilator  
  15  0:46  Probe  
  16  0:54  Gateway  
  16  0:59  Probe  
  17  1:11  Probe (Chrono Boost)  
  17  1:13  Pylon  
  18  1:23  Probe (Chrono Boost)  
  19  1:28  Probe (Chrono Boost)  
  20  1:38  Probe  
  21  1:43  Cybernetics Core  
  21  1:50  Probe  
  22  2:05  Nexus  
  22  2:10  Pylon  
  22  2:18  Stalker (Chrono Boost)  
  24  2:36  Probe  
  25  2:40  Stalker  
  25  2:41  Protoss Air Weapons Level 1  
  27  3:01  Assimilator, Stargate  
  27  3:03  Assimilator  
  27  3:16  Stalker (Chrono Boost)  
  29  3:23  Probe (Chrono Boost)  
  30  3:33  Probe (Chrono Boost)  
  31  3:38  Probe (Chrono Boost)  
  32  3:43  Stalker (Chrono Boost)  
  34  3:49  Probe  
  34  3:51  Fleet Beacon  
  35  3:56  Pylon  
  35  3:58  Probe  
  35  4:01  Probe  
  37  4:10  Probe  
  38  4:25  Stargate  
  38  4:31  Stargate  
  38  4:35  Probe (Chrono Boost)  
  40  4:45  Pylon  
  40  4:46  Probe (Chrono Boost)  
  40  4:50  Probe (Chrono Boost)  
  41  5:01  Probe  
  41  5:06  Probe  
  43  5:13  Probe  
  44  5:18  Probe  
  45  5:22  Nexus  
  45  5:29  Pylon  
  45  5:31  Pylon  
  45  5:34  Probe (Chrono Boost)  
  46  5:46  Probe (Chrono Boost)  
  47  5:52  Probe (Chrono Boost)  
  47  5:55  Probe (Chrono Boost)  
  51  6:05  Probe x2 (Chrono Boost)  
  51  6:10  Probe (Chrono Boost)  
  51  6:11  Protoss Air Armor Level 1 (Chrono Boost)  
  51  6:12  Probe  
  51  6:13  Assimilator  
  51  6:15  Assimilator  
  51  6:17  Stargate  
  53  6:21  Probe (Chrono Boost)  
  54  6:30  Probe (Chrono Boost)  
  54  6:32  Probe (Chrono Boost)  
  56  6:35  Carrier  
  56  6:38  Probe (Chrono Boost)  
  64  6:41  Probe (Chrono Boost)  
  64  6:42  Probe (Chrono Boost)  
  61  6:47  Probe (Chrono Boost)  
  61  6:50  Probe (Chrono Boost)  
  61  6:51  Probe (Chrono Boost)  
  56  6:55  Probe x2 (Chrono Boost)  
  56  6:59  Probe  
  58  7:06  Probe x2  
  60  7:10  Carrier x2  
  72  7:18  Probe  
  72  7:21  Probe  
  74  7:31  Carrier  
  74  7:33  Probe  
  69  7:46  Probe (Chrono Boost)  
  70  7:52  Probe (Chrono Boost)  
  72  7:59  Carrier  
  72  8:02  Probe (Chrono Boost)  
  72  8:04  Probe (Chrono Boost)  
  79  8:10  Probe (Chrono Boost)  
  73  8:13  Probe (Chrono Boost)  
  73  8:16  Probe (Chrono Boost)  
  73  8:19  Carrier, Probe (Chrono Boost)  
  81  8:24  Probe  
  82  8:31  Probe  
  83  8:35  Carrier  
  89  8:45  Probe (Chrono Boost)  
  90  8:55  Probe (Chrono Boost)  
  91  9:00  Probe (Chrono Boost)  
  91  9:01  Protoss Air Weapons Level 2 (Chrono Boost), Probe (Chrono Boost)  
  95  9:11  Probe (Chrono Boost)  
  95  9:13  Probe (Chrono Boost)  
  95  9:17  Probe (Chrono Boost)  
  95  9:23  Probe (Chrono Boost)  
  98  9:25  Probe (Chrono Boost)  
  99  9:33  Probe x2 (Chrono Boost)  
  99  9:35  Probe (Chrono Boost)  
  101  9:48  Pylon  
  101  9:50  Pylon  
  101  9:52  Pylon  
  101  9:53  Pylon  
  109  10:09  Probe  
  110  10:24  Carrier (Chrono Boost)  
  128  10:30  Carrier x2 (Chrono Boost)  
  128  10:42  Mothership  
  98  11:08  Carrier (Chrono Boost)  
  92  11:23  Carrier (Chrono Boost)  
  98  11:28  Carrier x2 (Chrono Boost)  
Tags
 
Add a new tag
Caveats
  • Supply blocks, unpowered buildings, or Contaminate may cause inaccurate times.
  • Supply counts are checked every 10 seconds.